 Dungeon Crawl Stone Soup version 0.28-a0-793-g31680bbd8b (webtiles) character file.

Game seed: 405961100982143247

1727 horus123 the Carver (level 9, -2/78 HPs)
             Began as a Hill Orc Berserker on Nov 5, 2021.
             Was a Priest of Trog.
             Slain by Maggie (7 damage)
             ... on level 6 of the Dungeon.
             The game lasted 00:08:31 (5932 turns).

horus123 the Carver (Hill Orc Berserker)            Turns: 5932, Time: 00:08:32

Health: -2/78      AC:  6    Str: 23    XL:     9   Next: 5%
Magic:  9/9        EV: 16    Int:  7    God:    Trog [***...]
Gold:   208        SH:  0    Dex: 10    Spells: 8/8 levels left

rFire   . . .      SeeInvis +   a - +0 falchion
rCold   . . .      Faith    .   (no shield)
rNeg    . . .      Spirit   .   s - +2 leather armour "Edudon" {Rampage}
rPois   .          Reflect  .   (no helmet)
rElec   .          Harm     .   (no cloak)
rCorr   .          Rampage  +   (no gloves)
Will    ++...                   (no boots)
Stlth   +.........              (no amulet)
HPRegen 1.23/turn               i - +4 ring of evasion
MPRegen 0.11/turn               t - ring of see invisible

@: strong-willed (expiring), mesmerised, regenerating (expiring)
A: no striking features
a: Renounce Religion, Berserk, Trog's Hand


You were on level 6 of the Dungeon.
You worshipped Trog.
Trog was most pleased with you.
You visited 1 branch of the dungeon, and saw 6 of its levels.

You collected 348 gold pieces.
You spent 140 gold pieces at shops.

Inventory:

Hand Weapons
 a - a +0 falchion (weapon)
Armour
 b - a +0 animal skin
 e - a +0 ring mail
 j - a +0 chain mail
 s - the +2 leather armour "Edudon" (worn) {Rampage}
   (You found it on level 5 of the Dungeon)

   Rampage:   It bestows one free step when moving towards enemies.
Jewellery
 i - a +4 ring of evasion (left hand)
 t - a ring of see invisible (right hand)
Wands
 o - a wand of flame (13)
 q - a wand of iceblast (12)
Scrolls
 f - a scroll of fear
 l - a scroll of teleportation
 p - a scroll of fog
 r - a scroll of enchant weapon {unknown}
Potions
 c - 3 potions of magic
 d - a potion of brilliance {unknown}
 g - a potion of resistance {unknown}
 h - a potion of flight {unknown}
 k - a potion of haste {unknown}
 m - 2 potions of heal wounds
 n - a potion of attraction {unknown}


   Skills:
 + Level 6.4 Fighting
 + Level 8.2 Long Blades
 + Level 7.9 Armour
 + Level 3.1 Dodging
 + Level 0.6 Stealth


You had 8 spell levels left.
You didn't know any spells.
Your spell library was empty.

Dungeon Overview and Level Annotations

Branches:
Dungeon (6/15)
 Temple: D:4-7

Altars:

Shops:
D:4 !

Annotations:
D:6 Maggie


Message History

You barely miss Maggie.
Maggie is heavily wounded.
You slash Maggie!
Maggie is severely wounded.
You recover from your berserk rage.
Maggie mumbles some strange words.
Maggie draws you further into her thrall.
You hit Maggie but do no damage.
Maggie is severely wounded.
Maggie barely misses you.
You hit Maggie but do no damage.
Maggie is severely wounded.
Maggie hits you with a +0 morningstar of flaming!
Maggie burns you.
You are too mesmerised to rage.
You hit Maggie but do no damage.
Maggie is severely wounded.
Maggie hits you with a +0 morningstar of flaming!
* * * LOW HITPOINT WARNING * * *
Maggie burns you.
* * * LOW HITPOINT WARNING * * *
You hit Maggie but do no damage.
Maggie is severely wounded.
Maggie gestures at you while chanting. The bolt of fire misses you.
You barely miss Maggie.
Maggie is severely wounded.
Maggie closely misses you.
You hit Maggie but do no damage.
Maggie is severely wounded.
Maggie casts a spell.
Maggie draws you further into her thrall.
You closely miss Maggie.
Maggie is severely wounded.
You feel the effects of Trog's Hand fading.
Maggie says, "If you die in the Dungeon, but nobody's around to see it, does it really matter?"
Maggie hits you with a +0 morningstar of flaming!
* * * LOW HITPOINT WARNING * * *
Maggie burns you!
You die...

#........# #
#.###.##.# #. #.##.# #
#.##.# #+## #..#.#
#...# ##.#.# #.....
#.####.#.## #....(.
#.........####.......
.............@@.......
######.....####.......
#.......# #......
#.......# #.....
#.......# #...#
###....## #+## #....#
####.


You could see Maggie (mesmerising).

Vanquished Creatures
  Sigmund (D:4)
  Eustachio (D:4)
  6 ogres
  3 black bears
  2 necrophages (D:5)
  A phantom (D:4)
  A scorpion (D:2)
  3 orc priests
  A hound (D:6)
  A jelly (D:5)
  2 orc wizards
  A howler monkey zombie (D:5)
  4 adders
  An adder skeleton (D:4)
  2 worms
  3 dart slugs
  16 orcs
  4 ball pythons
  A bat (D:2)
  2 endoplasms
  4 giant cockroaches
  6 goblins
  11 hobgoblins
  5 jackals
  5 quokkas
  3 frilled lizards (D:1)
  2 kobolds
  13 rats
105 creatures vanquished.

Notes
Turn   | Place    | Note
-------+----------+-------------------------------------------
     0 | D:1      | horus123 the Hill Orc Berserker began the quest for the
                  | Orb.
     0 | D:1      | Reached XP level 1. HP: 19/19 MP: 1/1
   384 | D:1      | You fall into a shaft and drop 1 floor!
   389 | D:2      | Reached XP level 2. HP: 24/27 MP: 2/2
   934 | D:1      | Reached XP level 3. HP: 34/34 MP: 3/3
  1491 | D:2      | Reached ** piety under Trog
  1659 | D:2      | Reached skill level 4 in Long Blades
  1975 | D:2      | Found a faded altar of an unknown god.
  2134 | D:2      | Noticed a scorpion
  2142 | D:2      | Killed a scorpion
  2143 | D:2      | Reached XP level 4. HP: 41/41 MP: 4/4
  2143 | D:2      | Reached XP level 5. HP: 47/47 MP: 5/5
  2822 | D:3      | Reached skill level 5 in Long Blades
  3006 | D:4      | Reached XP level 6. HP: 42/55 MP: 6/6
  3392 | D:4      | Noticed Sigmund
  3409 | D:4      | Killed Sigmund
  3409 | D:4      | Reached *** piety under Trog
  3410 | D:4      | Reached skill level 5 in Fighting
  3586 | D:4      | Noticed Eustachio
  3598 | D:4      | Killed Eustachio
  3599 | D:4      | Reached skill level 6 in Long Blades
  3599 | D:4      | Reached XP level 7. HP: 61/61 MP: 7/7
  3882 | D:4      | Reached skill level 7 in Long Blades
  4186 | D:4      | Found Ruwid's Distillery.
  4189 | D:4      | Bought a potion of heal wounds for 70 gold pieces
  4189 | D:4      | Bought a potion of heal wounds for 70 gold pieces
  4678 | D:5      | Entered Level 5 of the Dungeon
  4716 | D:5      | Reached skill level 5 in Armour
  4866 | D:5      | Reached XP level 8. HP: 70/70 MP: 8/8
  5048 | D:5      | Identified the +2 leather armour "Edudon" {Rampage}
  5877 | D:6      | Reached skill level 8 in Long Blades
  5877 | D:6      | Reached XP level 9. HP: 78/78 MP: 9/9
  5904 | D:6      | Noticed Maggie
  5932 | D:6      | Slain by Maggie

Illustrated notes

Levels and vault maps discovered:
D:1:      dpeg_arrival_water_fire, layout_loops_ring, minmay_misc_feat_enclosed,
          minmay_rat_gold_closets
D:2:      layout_basic, shapermc_ecumenical_altar_mp_highgroup,
          minmay_misc_feat_square
D:3:      layout_rooms
D:4:      layout_basic, serial_shops, kennysheep_mini_moat,
          serial_co_window_serial, co_window_of_opportunity_a,
          co_window_of_opportunity_a, co_window_of_opportunity_a,
          co_window_of_opportunity_a, co_window_of_opportunity_a,
          co_window_paths_a, co_window_paths_a, co_window_cross_2,
          co_window_unsneaky_path_c, co_window_broadway_b, co_window_broadway_c,
          co_window_unsneaky_path_c, glass_columns_b, glass_columns_a,
          glass_columns_b, glass_columns_a, glass_columns_c, uniq_sigmund,
          uniq_eustachio
D:5:      layout_rooms
D:6:      layout_loops_corners, grunt_decor_mini_mirrors, uniq_maggie

Skill      XL: |  1  2  3  4  5  6  7  8 |
---------------+-------------------------+-----
Fighting       | 4 5 6 |  6.4
Long Blades    | 4 5 6 7 8 |  8.2
Dodging        | 2 3 |  3.1
Armour         | 3 4 5 7 |  7.9
Stealth        | |  0.6

Action                   |  1- 3 |  4- 6 |  7- 9 || total
-------------------------+-------+-------+-------++-------
Melee: Falchion          |   133 |   142 |   154 ||   429
Invok: Berserk           |     2 |     3 |     9 ||    14
       Trog's Hand       |       |     1 |     1 ||     2
  Use: Scroll            |     3 |     3 |     1 ||     7
       Potion            |       |     3 |       ||     3
 Stab: Sleeping          |     2 |       |       ||     2
Armor: Animal skin       |     8 |       |       ||     8
       Ring mail         |    13 |    42 |    13 ||    68
       Chain mail        |       |       |    26 ||    26
       Leather armour    |       |       |    10 ||    10
Dodge: Dodged            |    86 |   143 |   105 ||   334

Table legend: (Time is in decaauts)
 A = Elapsed time spent in this place.
 B = Non-inter-level travel time spent in this place.
 C = Inter-level travel time spent in this place.
 D = Time resting spent in this place.
 E = Time spent auto-exploring this place.
 F = Levels seen in this place.
 G = Mean time per level.
                   A        B        C        D        E       F      G
               +--------+--------+--------+--------+--------+-----+--------+
         Total |   6075 |   5965 |    110 |    540 |   4516 |   6 | 1012.5 |
       Dungeon |   6075 |   5965 |    110 |    540 |   4516 |   6 | 1012.5 |
               +--------+--------+--------+--------+--------+-----+--------+

Top non-repeatable levels by time:
     D:4: 1790 daAuts
     D:1: 1458 daAuts
     D:5: 1231 daAuts
     D:2: 823 daAuts
     D:3: 671 daAuts
     D:6: 100 daAuts
